Map: Terraplenes de priones

Players

Cheka

  • Race: Zerg Zerg
  • League: Diamond

DeathLord - Winner!

  • Race: Protoss Protoss
  • League: Diamond

VOD

Have the link to the VOD?

Description

Time

  • Played on: May 9, 2016, 10:57 p.m.
  • Length: 10:01
Show
View Real Time Build Order
Export as new Build Order

Cheka Zerg 

Build Orders: Hatch First 

Get SALT Encoding   

  12  0:02  Drone  
  13  0:08  Drone  
  14  0:23  Overlord  
  14  0:30  Extractor, Drone  
  15  0:41  Drone x2  
  17  0:54  Hatchery  
  16  1:01  Drone x2  
  18  1:07  Drone  
  19  1:19  Spawning Pool  
  19  1:22  Drone  
  19  1:28  Extractor, Drone  
  19  1:39  Overlord  
  19  1:49  Drone  
  20  2:02  Drone  
  21  2:13  Queen  
  21  2:14  Queen  
  25  2:17  Drone x2  
  25  2:18  Drone  
  25  2:21  Extractor  
  25  2:22  Drone  
  28  2:29  Zergling x2  
  29  2:35  Drone  
  30  2:39  Drone  
  31  2:50  Lair  
  31  2:57  Drone x3  
  34  3:01  Drone  
  34  3:03  Metabolic Boost  
  35  3:11  Drone  
  35  3:12  Overlord  
  36  3:16  Overlord  
  36  3:17  Extractor  
  36  3:19  Extractor  
  34  3:34  Drone x2  
  35  3:35  Drone x4  
  35  3:36  Drone  
  40  3:52  Overlord  
  40  3:53  Overlord  
  40  3:55  Overlord x2  
  40  4:00  Spire  
  39  4:09  Drone  
  41  4:10  Drone x3  
  41  4:14  Drone  
  44  4:20  Drone x3  
  44  4:21  Hatchery  
  46  4:29  Overseer  
  46  4:33  Pneumatized Carapace  
  46  4:51  Spore Crawler  
  45  5:03  Spore Crawler  
  44  5:15  Mutalisk x5  
  44  5:16  Mutalisk x3  
  60  5:41  Mutalisk x2  
  64  5:44  Drone x5  
  64  5:45  Drone x6  
  75  5:51  Overlord x2  
  75  5:56  Zergling x8  
  79  6:00  Zerg Flyer Weapons Level 1  
  79  6:02  Mutalisk x2  
  83  6:08  Extractor  
  83  6:10  Extractor  
  83  6:11  Zergling x2  
  82  6:22  Mutalisk  
  82  6:23  Mutalisk  
  82  6:24  Zergling x6  
  87  6:32  Zergling x4  
  85  6:36  Queen  
  87  6:41  Mutalisk x2  
  87  6:43  Overlord x2  
  91  6:51  Mutalisk  
  91  6:52  Zergling x2  
  94  6:57  Evolution Chamber, Queen  
  94  6:58  Queen  
  94  6:59  Evolution Chamber  
  94  7:00  Extractor  
  93  7:01  Hatchery  
  93  7:04  Extractor  
  84  7:11  Queen  
  84  7:13  Mutalisk x4  
  84  7:14  Zergling x4  
  91  7:19  Zergling x2  
  92  7:30  Zergling x4  
  92  7:31  Zergling x2  
  87  7:37  Hatchery  
  79  7:50  Mutalisk x3  
  79  7:51  Mutalisk x3  
  67  7:57  Zergling x8  
  67  7:58  Zergling x8  
  73  8:07  Mutalisk x2  
  73  8:08  Zergling x4  
  73  8:09  Zergling x2  
  77  8:20  Zergling x8  
  77  8:22  Mutalisk  
  77  8:25  Mutalisk  
  83  8:27  Zergling x2  
  83  8:31  Drone  
  85  8:38  Mutalisk  
  85  8:39  Zergling x4  
  85  8:40  Zergling x8  
  78  9:06  Mutalisk x2  
  78  9:07  Mutalisk x2  
  78  9:08  Zergling x6  
  78  9:09  Zergling x2  
  71  9:23  Zergling x10  
  71  9:24  Zergling x2  
  70  9:34  Zergling x8  
Show
View Real Time Build Order
Export as new Build Order

DeathLord Protoss - Winner!

Build Orders: 1 Gate Expand 

Get SALT Encoding   

  12  0:01  Probe (Chrono Boost)  
  13  0:11  Probe (Chrono Boost)  
  14  0:22  Probe (Chrono Boost)  
  14  0:24  Pylon  
  15  0:42  Gateway  
  16  0:43  Probe (Chrono Boost)  
  16  0:53  Probe (Chrono Boost)  
  17  1:04  Probe (Chrono Boost)  
  18  1:16  Nexus  
  18  1:20  Probe (Chrono Boost)  
  19  1:30  Assimilator  
  19  1:31  Probe (Chrono Boost)  
  20  1:42  Cybernetics Core  
  20  1:47  Probe (Chrono Boost)  
  21  1:53  Pylon  
  21  1:54  Assimilator  
  21  1:58  Probe (Chrono Boost)  
  23  2:08  Probe (Chrono Boost)  
  23  2:19  Probe (Chrono Boost)  
  26  2:30  Mothership Core (Chrono Boost)  
  26  2:31  Probe (Chrono Boost), Assimilator  
  26  2:34  Pylon  
  27  2:37  Stalker  
  30  2:44  Probe (Chrono Boost)  
  30  2:46  Warp Gate  
  30  2:50  Probe (Chrono Boost)  
  31  3:01  Probe (Chrono Boost)  
  32  3:06  Probe (Chrono Boost), Robotics Facility  
  32  3:11  Adept  
  35  3:19  Probe (Chrono Boost)  
  36  3:20  Probe (Chrono Boost)  
  37  3:31  Probe (Chrono Boost)  
  38  3:36  Probe (Chrono Boost)  
  38  3:40  Gateway  
  39  3:47  Probe (Chrono Boost)  
  40  3:55  Observer (Chrono Boost)  
  41  3:56  Robotics Bay  
  41  4:08  Probe (Chrono Boost), Gateway  
  42  4:10  Warp Prism (Chrono Boost)  
  42  4:11  Gateway  
  44  4:18  Stalker  
  44  4:19  Probe (Chrono Boost)  
  47  4:28  Pylon  
  47  4:33  Probe (Chrono Boost)  
  47  4:35  Pylon  
  48  4:39  Gateway  
  48  4:41  Disruptor  
  48  4:43  Probe (Chrono Boost)  
  52  4:59  Gateway  
  52  5:03  Gateway  
  52  5:09  Stalker x4  
  60  5:19  Disruptor  
  60  5:20  Pylon  
  60  5:23  Pylon  
  60  5:27  Pylon  
  63  5:50  Disruptor  
  63  5:52  Stalker x2  
  63  5:53  Stalker x3  
  72  6:21  Warp Prism  
  72  6:25  Stalker x5  
  76  6:40  Stalker x2  
  80  6:51  Pylon  
  80  6:56  Stalker x3  
  80  6:57  Stalker x2  
  71  7:18  Stalker x2  
  71  7:19  Stalker x2  
  74  7:26  Probe (Chrono Boost)  
  74  7:29  Assimilator  
  76  7:30  Probe (Chrono Boost)  
  74  7:42  Stalker x3  
  74  7:43  Zealot x2  
  73  7:58  Warp Prism  
  75  8:07  Stalker x3  
  75  8:08  Zealot x4  
  89  8:21  Mothership Core (Chrono Boost)  
  91  8:34  Stalker x2  
  91  8:35  Zealot x3  
  101  8:58  Forge  
  93  9:15  Stalker x3  
  93  9:16  Stalker x4  
Tags
 
Add a new tag
Caveats
  • Supply blocks, unpowered buildings, or Contaminate may cause inaccurate times.
  • Supply counts are checked every 10 seconds.